TOP OF THE 1ST |
Kennesaw Jets batting - Pitching for Niagara Falls Expos : RHP Steve Brown
|
Pitching: RHP Steve Brown
|
|
Batting: RHB Miguel Angel González
|
0-0: Ball 1-0: Foul Ball, location: 2F 1-1: Ball 2-1: Ball 3-1: Foul Ball, location: 2F 3-2: Strikes out looking
|
Batting: RHB Juan Sandoval
|
0-0: Ball 1-0: Foul Ball, location: 2F 1-1: Ball 2-1: Ball 3-1: DOUBLE (Flyball, 89M)
|
Batting: RHB José Ramos
|
0-0: Foul Ball, location: 2F 0-1: Ball 1-1: Ball 2-1: Ball 3-1: Foul Ball, location: 2F 3-2: Strikes out swinging
|
Batting: RHB Stephen Johnson
|
0-0: SINGLE (Groundball, 56D) (infield hit) Juan Sandoval to third
|
Batting: RHB Andrés Sánchez
|
0-0: Foul Ball, location: 2F 0-1: Foul Ball, location: 2F 0-2: Ball 1-2: SINGLE (Groundball, 6M) Juan Sandoval scores Stephen Johnson to second Runner from 2nd tries for 3rd, SAFE, throw made to third
|
Batting: RHB Raúl Javier Jr.
|
0-0: Ball 1-0: Called Strike 1-1: Ball 2-1: Ball 3-1: SINGLE (Line Drive, 6MD) Stephen Johnson scores Andrés Sánchez to second
|
Batting: RHB Clarence Therrien
|
0-0: Ball 1-0: Ground out 3-1 (Groundball, 34)
|
Top of the 1st over - 2 run(s), 4 hit(s), 0 error(s), 2 left on base; Kennesaw 2 - Niagara Falls 0 |
BOTTOM OF THE 1ST |
Niagara Falls Expos batting - Pitching for Kennesaw Jets : LHP Dave Welch
|
Pitching: LHP Dave Welch
|
|
Batting: RHB Michael Peterson
|
0-0: Ball 1-0: Ball 2-0: SINGLE (Groundball, 6MD) (infield hit)
|
Batting: RHB Albert Díaz
|
0-0: Called Strike 0-1: Fly out, F8 (Flyball, 8RM)
|
Batting: RHB Bronson Nicholls
|
0-0: Ball 1-0: Ball 2-0: Ball 3-0: Called Strike 3-1: Swinging Strike 3-2: Foul Ball, location: 2F 3-2: Foul Ball, location: 2F 3-2: Fly out, F9 (Flyball, 9M)
|
Batting: LHB Jorge Borbón
|
0-0: Ball Throwing error on steal attempt, E2 Michael Peterson to third 1-0: Called Strike 1-1: Ground out 1-3 (Groundball, 15)
|
Bottom of the 1st over - 0 run(s), 1 hit(s), 1 error(s), 1 left on base; Kennesaw 2 - Niagara Falls 0 |
TOP OF THE 2ND |
Kennesaw Jets batting - Pitching for Niagara Falls Expos : RHP Steve Brown
|
Batting: LHB Jim Unknown
|
0-0: Ball 1-0: Swinging Strike 1-1: Foul Ball, location: 2F 1-2: Ball 2-2: Foul Ball, location: 2F 2-2: Ball 3-2: Fly out, F7 (Flyball, 7D)
|
Batting: LHB Jim Unknown
|
0-0: Ball 1-0: Ball 2-0: Reached on error, E4 (Groundball, 4M)
|
Batting: RHB Miguel Angel González
|
0-0: Ball Wild Pitch! Jim Unknown to second 1-0: Swinging Strike 1-1: Swinging Strike 1-2: Foul Ball, location: 2F 1-2: Ball 2-2: Ball 3-2: Base on Balls
|
Batting: RHB Juan Sandoval
|
0-0: Swinging Strike 0-1: Ball 1-1: Foul Ball, location: 2F 1-2: Fly out, F7 (Line Drive, 78M)
|
Batting: RHB José Ramos
|
0-0: Ball 1-0: Ground out 5-3 (Groundball, 56)
|
Top of the 2nd over - 0 run(s), 0 hit(s), 1 error(s), 2 left on base; Kennesaw 2 - Niagara Falls 0 |
BOTTOM OF THE 2ND |
Niagara Falls Expos batting - Pitching for Kennesaw Jets : LHP Dave Welch
|
Batting: RHB Chuck Wolf
|
0-0: Called Strike 0-1: DOUBLE (Line Drive, 7LS)
|
Batting: SHB Janghyun Sam
|
0-0: Called Strike 0-1: Called Strike 0-2: Foul Ball, location: 2F 0-2: Ball 1-2: Ball 2-2: Strikes out swinging
|
Batting: RHB Sean MacKnight
|
0-0: Ball 1-0: Foul Ball, location: 2F 1-1: Ball 2-1: Called Strike 2-2: Ball 3-2: Fly out, F7 (Line Drive, 78M)
|
Batting: SHB Michel Perrin
|
0-0: Ball 1-0: Ball 2-0: SINGLE (Flyball, 9LS) Chuck Wolf to third Runner from 3rd tries for Home, SAFE, no throw or cutoff
|
Batting: RHB Tony Martínez
|
0-0: Called Strike Throwing error on steal attempt, E2 Michel Perrin to third 0-1: Ball 1-1: SINGLE (Groundball, 5D) Michel Perrin scores
|
Batting: RHB Michael Peterson
|
0-0: Ball 1-0: Ball 2-0: Ball 3-0: Swinging Strike 3-1: Swinging Strike 3-2: Base on Balls Tony Martínez to second
|
Batting: RHB Albert Díaz
|
0-0: Called Strike 0-1: SINGLE (Line Drive, 3D) Tony Martínez to third Michael Peterson to second Runner from 3rd tries for Home, SAFE, no throw or cutoff
|
Batting: RHB Bronson Nicholls
|
0-0: Foul Ball, location: 2F 0-1: Ball 1-1: Swinging Strike 1-2: Strikes out swinging
|
Bottom of the 2nd over - 3 run(s), 4 hit(s), 1 error(s), 2 left on base; Kennesaw 2 - Niagara Falls 3 |
TOP OF THE 3RD |
Kennesaw Jets batting - Pitching for Niagara Falls Expos : RHP Steve Brown
|
Batting: RHB Stephen Johnson
|
0-0: Called Strike 0-1: Foul Ball, location: 2F 0-2: Ball 1-2: Ground out 6-3 (Groundball, 6)
|
Batting: RHB Andrés Sánchez
|
0-0: Called Strike 0-1: Ball 1-1: Called Strike 1-2: Strikes out swinging
|
Batting: RHB Raúl Javier Jr.
|
0-0: Ball 1-0: Ball 2-0: Called Strike 2-1: Foul Ball, location: 2F 2-2: Strikes out looking
|
Top of the 3rd over - 0 run(s), 0 hit(s), 0 error(s), 0 left on base; Kennesaw 2 - Niagara Falls 3 |
BOTTOM OF THE 3RD |
Niagara Falls Expos batting - Pitching for Kennesaw Jets : LHP Phil Miller
|
Pitching: LHP Phil Miller
|
|
Batting: LHB Jorge Borbón
|
0-0: Foul Ball, location: 2F 0-1: Swinging Strike 0-2: Ground out 1-3 (Groundball, 15S)
|
Batting: RHB Chuck Wolf
|
0-0: Called Strike 0-1: Swinging Strike 0-2: Ball 1-2: Strikes out looking
|
Batting: SHB Janghyun Sam
|
0-0: Called Strike 0-1: Ball 1-1: Hit by Pitch
|
Batting: RHB Sean MacKnight
|
0-0: Ball 1-0: Swinging Strike Pickoff Throw to First - Error! E1 Janghyun Sam to second 1-1: Ball 2-1: Swinging Strike 2-2: Foul Ball, location: 2F 2-2: Strikes out looking
|
Bottom of the 3rd over - 0 run(s), 0 hit(s), 1 error(s), 1 left on base; Kennesaw 2 - Niagara Falls 3 |
TOP OF THE 4TH |
Kennesaw Jets batting - Pitching for Niagara Falls Expos : RHP Steve Brown
|
Batting: RHB Clarence Therrien
|
0-0: Called Strike 0-1: Foul Ball, location: 2F 0-2: Ball 1-2: Fly out, F3 (Line Drive, 3)
|
Batting: LHB Jim Unknown
|
0-0: Ball 1-0: Ball 2-0: Called Strike 2-1: Ball 3-1: SINGLE (Groundball, 56D)
|
Batting: LHB Jim Unknown
|
0-0: DOUBLE (Groundball, 3D) Jim Unknown to third
|
Batting: RHB Miguel Angel González
|
0-0: SINGLE (Groundball, 56D) (infield hit) Jim Unknown scores Jim Unknown to third
|
Batting: RHB Juan Sandoval
|
0-0: Ball Miguel Angel González is caught stealing 2nd base 1-0: Foul Ball, location: 2F 1-1: Fly out, F4 (Popup, 4D)
|
Top of the 4th over - 1 run(s), 3 hit(s), 0 error(s), 1 left on base; Kennesaw 3 - Niagara Falls 3 |
BOTTOM OF THE 4TH |
Niagara Falls Expos batting - Pitching for Kennesaw Jets : LHP Phil Miller
|
Batting: SHB Michel Perrin
|
0-0: Called Strike 0-1: Foul Ball, location: 2F 0-2: Ball 1-2: DOUBLE (Popup, 6MD)
|
Batting: RHB Tony Martínez
|
0-0: Ball 1-0: Ball 2-0: Ball 3-0: Base on Balls
|
Batting: RHB Michael Peterson
|
0-0: SINGLE (Groundball, 6MD) Michel Perrin to third Tony Martínez to second
|
Batting: RHB Albert Díaz
|
0-0: Called Strike 0-1: Called Strike 0-2: Ball 1-2: Strikes out swinging
|
Batting: RHB Bronson Nicholls
|
0-0: Ball 1-0: Called Strike 1-1: Called Strike 1-2: Ball 2-2: Foul Ball, location: 2F 2-2: Foul Ball, location: 2F 2-2: Ball 3-2: Strikes out swinging
|
Batting: LHB Jorge Borbón
|
0-0: Fly out, F9 (Flyball, 89M)
|
Bottom of the 4th over - 0 run(s), 2 hit(s), 0 error(s), 3 left on base; Kennesaw 3 - Niagara Falls 3 |
TOP OF THE 5TH |
Kennesaw Jets batting - Pitching for Niagara Falls Expos : RHP Steve Brown
|
Batting: RHB José Ramos
|
0-0: Ball 1-0: Called Strike 1-1: Swinging Strike 1-2: Strikes out swinging
|
Batting: RHB Stephen Johnson
|
0-0: Foul Ball, location: 2F 0-1: Ball 1-1: Ball 2-1: Swinging Strike 2-2: Strikes out looking
|
Batting: RHB Andrés Sánchez
|
0-0: Fly out, F6 (Popup, 6)
|
Top of the 5th over - 0 run(s), 0 hit(s), 0 error(s), 0 left on base; Kennesaw 3 - Niagara Falls 3 |
BOTTOM OF THE 5TH |
Niagara Falls Expos batting - Pitching for Kennesaw Jets : LHP Phil Miller
|
Batting: RHB Chuck Wolf
|
0-0: Called Strike 0-1: Ball 1-1: Ball 2-1: Ball 3-1: Ground out 6-3 (Groundball, 6)
|
Batting: SHB Janghyun Sam
|
0-0: Swinging Strike 0-1: Ball 1-1: Ball 2-1: Ball 3-1: Ground out 6-3 (Groundball, 6)
|
Batting: RHB Sean MacKnight
|
0-0: Called Strike 0-1: Fly out, F8 (Flyball, 8RM)
|
Bottom of the 5th over - 0 run(s), 0 hit(s), 0 error(s), 0 left on base; Kennesaw 3 - Niagara Falls 3 |
TOP OF THE 6TH |
Kennesaw Jets batting - Pitching for Niagara Falls Expos : RHP Steve Brown
|
Batting: RHB Raúl Javier Jr.
|
0-0: Ball 1-0: Foul Ball, location: 2F 1-1: Ball 2-1: Ball 3-1: Base on Balls
|
Batting: RHB Clarence Therrien
|
0-0: Sac Bunt - play at second, runner OUT! 5-6
|
Batting: LHB Jim Unknown
|
0-0: Called Strike 0-1: Ball Clarence Therrien steals 2nd base 1-1: Ball 2-1: Ball 3-1: Foul Ball, location: 2F 3-2: Foul Ball, location: 2F 3-2: SINGLE (Flyball, 8LS) Clarence Therrien to third
|
Batting: LHB Jim Unknown
|
0-0: Ball 1-0: Foul Ball, location: 2F 1-1: Ball Jim Unknown steals 2nd base 2-1: Foul Ball, location: 2F 2-2: Ball 3-2: Base on Balls
|
Batting: RHB Miguel Angel González
|
0-0: Called Strike 0-1: Ball 1-1: Ball 2-1: Fly out, F4 (Popup, 34)
|
Batting: RHB Juan Sandoval
|
0-0: Ball 1-0: Foul Ball, location: 2F 1-1: Foul Ball, location: 2F 1-2: Foul Ball, location: 2F 1-2: Fielders Choice at 2nd, 5-4 (Groundball, 56)
|
Top of the 6th over - 0 run(s), 1 hit(s), 0 error(s), 2 left on base; Kennesaw 3 - Niagara Falls 3 |
BOTTOM OF THE 6TH |
Niagara Falls Expos batting - Pitching for Kennesaw Jets : LHP Phil Miller
|
Batting: SHB Michel Perrin
|
0-0: Fly out, F7 (Flyball, 7LM)
|
Batting: RHB Tony Martínez
|
0-0: Ball 1-0: Ball 2-0: Ground out 6-3 (Groundball, 6)
|
Batting: RHB Michael Peterson
|
0-0: SINGLE (Groundball, 56D)
|
Batting: RHB Albert Díaz
|
0-0: Swinging Strike 0-1: Ball 1-1: Ball Wild Pitch! Michael Peterson to second 2-1: Ball 3-1: Fly out, F3 (Popup, 3F)
|
Bottom of the 6th over - 0 run(s), 1 hit(s), 0 error(s), 1 left on base; Kennesaw 3 - Niagara Falls 3 |
TOP OF THE 7TH |
Kennesaw Jets batting - Pitching for Niagara Falls Expos : RHP Steve Brown
|
Batting: RHB José Ramos
|
0-0: Ball 1-0: Called Strike 1-1: Ball 2-1: Swinging Strike 2-2: Ball 3-2: Base on Balls
|
Batting: RHB Stephen Johnson
|
0-0: Called Strike 0-1: Foul Ball, location: 2F 0-2: Ball 1-2: Strikes out swinging
|
Pinch Hitting: LHB Jim Unknown
|
0-0: Ball 1-0: Fly out, F6 (Popup, 6MD)
|
Pitching: LHP Orlando Sánchez
|
|
Batting: RHB Raúl Javier Jr.
|
0-0: Called Strike 0-1: Ball 1-1: Swinging Strike 1-2: Ball 2-2: Foul Ball, location: 2F 2-2: Strikes out swinging
|
Top of the 7th over - 0 run(s), 0 hit(s), 0 error(s), 1 left on base; Kennesaw 3 - Niagara Falls 3 |
BOTTOM OF THE 7TH |
Niagara Falls Expos batting - Pitching for Kennesaw Jets : LHP Phil Miller
|
Now at SS: Carlos Ávila
|
|
Batting: RHB Bronson Nicholls
|
0-0: Called Strike 0-1: Foul Ball, location: 2F 0-2: Ground out 4-3 (Groundball, 4)
|
Batting: LHB Jorge Borbón
|
0-0: Ground out 4-3 (Groundball, 4)
|
Batting: RHB Chuck Wolf
|
0-0: Called Strike 0-1: Ball 1-1: Ball 2-1: Ground out 5-3 (Groundball, 5L)
|
Bottom of the 7th over - 0 run(s), 0 hit(s), 0 error(s), 0 left on base; Kennesaw 3 - Niagara Falls 3 |
TOP OF THE 8TH |
Kennesaw Jets batting - Pitching for Niagara Falls Expos : LHP Orlando Sánchez
|
Batting: RHB Clarence Therrien
|
0-0: Ball 1-0: Ball 2-0: Called Strike 2-1: Ball 3-1: Foul Ball, location: 2F 3-2: Base on Balls
|
Batting: LHB Jim Unknown
|
0-0: Bunted foul 0-1: Ball 1-1: Bunted foul 1-2: Ball 2-2: Ball 3-2: Fly out, F6 (Popup, 56)
|
Batting: LHB Jim Unknown
|
0-0: Foul Ball, location: 2F 0-1: Foul Ball, location: 2F 0-2: Ball Clarence Therrien is caught stealing 2nd base 1-2: Strikes out swinging
|
Top of the 8th over - 0 run(s), 0 hit(s), 0 error(s), 0 left on base; Kennesaw 3 - Niagara Falls 3 |
BOTTOM OF THE 8TH |
Niagara Falls Expos batting - Pitching for Kennesaw Jets : LHP Phil Miller
|
Batting: SHB Janghyun Sam
|
0-0: Called Strike 0-1: Ball 1-1: Called Strike 1-2: Ball 2-2: Ball 3-2: Base on Balls
|
Batting: RHB Sean MacKnight
|
0-0: Sac Bunt - play at first, batter OUT! 1-4 Janghyun Sam to second
|
Batting: SHB Michel Perrin
|
0-0: Intentional Walk
|
Pinch Hitting: RHB Víctor García
|
0-0: Grounds into double play, U5-3 (Groundball, 5L)
|
Bottom of the 8th over - 0 run(s), 0 hit(s), 0 error(s), 1 left on base; Kennesaw 3 - Niagara Falls 3 |
TOP OF THE 9TH |
Kennesaw Jets batting - Pitching for Niagara Falls Expos : LHP Orlando Sánchez
|
Pitching: RHP Felipe Cavazos
|
|
Now at 2B: Juan Andrade
|
|
Batting: RHB Miguel Angel González
|
0-0: Ball 1-0: Swinging Strike 1-1: Ball 2-1: Ball 3-1: SINGLE (Groundball, 34D)
|
Pinch Hitting: SHB Jim Unknown
|
0-0: Ball 1-0: Sac Bunt - play at first, batter OUT! 1-3 Miguel Angel González to second
|
Batting: RHB José Ramos
|
0-0: Fly out, F2 (Popup, 2RF)
|
Batting: RHB Stephen Johnson
|
0-0: Ball 1-0: Ball 2-0: Ball 3-0: Called Strike 3-1: Base on Balls
|
Batting: RHB Carlos Ávila
|
0-0: Ball 1-0: SINGLE (Line Drive, 9LM) Miguel Angel González to third Stephen Johnson to second Runner from 3rd tries for Home, SAFE, no throw or cutoff
|
Pitching: LHP Jim Unknown
|
|
Batting: RHB Raúl Javier Jr.
|
0-0: Called Strike 0-1: Ball 1-1: Swinging Strike 1-2: Foul Ball, location: 2F 1-2: Foul Ball, location: 2F 1-2: Foul Ball, location: 2F 1-2: Foul Ball, location: 2F 1-2: Strikes out swinging
|
Top of the 9th over - 1 run(s), 2 hit(s), 0 error(s), 2 left on base; Kennesaw 4 - Niagara Falls 3 |
BOTTOM OF THE 9TH |
Niagara Falls Expos batting - Pitching for Kennesaw Jets : LHP Phil Miller
|
Pitching: RHP John Shirley
|
|
Now at 1B: Jim Unknown
|
|
Batting: RHB Michael Peterson
|
0-0: Called Strike 0-1: SINGLE (Line Drive, 6MD)
|
Batting: RHB Albert Díaz
|
0-0: Ball 1-0: Bunt missed! 1-1: Sac Bunt - play at first, batter OUT! 2-4 Michael Peterson to second
|
Batting: RHB Bronson Nicholls
|
0-0: Ball 1-0: Called Strike 1-1: Ball 2-1: Swinging Strike 2-2: Ball 3-2: SINGLE (Groundball, 13) (infield hit) Michael Peterson to third
|
Batting: LHB Jorge Borbón
|
0-0: Ball 1-0: SINGLE (Line Drive, 89S) Michael Peterson scores Bronson Nicholls to second
|
Batting: RHB Chuck Wolf
|
0-0: Called Strike 0-1: Ball 1-1: Ball 2-1: Ball 3-1: Swinging Strike 3-2: Strikes out swinging
|
Batting: SHB Janghyun Sam
|
0-0: Ball 1-0: Foul Ball, location: 2F 1-1: Swinging Strike 1-2: Foul Ball, location: 2F 1-2: Ground out 4-3 (Groundball, 34)
|
Bottom of the 9th over - 1 run(s), 3 hit(s), 0 error(s), 2 left on base; Kennesaw 4 - Niagara Falls 4 |
TOP OF THE 10TH |
Kennesaw Jets batting - Pitching for Niagara Falls Expos : LHP Jim Unknown
|
Batting: RHB Clarence Therrien
|
0-0: Foul Ball, location: 2F 0-1: Ball 1-1: Called Strike 1-2: Fly out, F9 (Line Drive, 9LM)
|
Batting: LHB Jim Unknown
|
0-0: Ball 1-0: Called Strike 1-1: Ball 2-1: Ball 3-1: Fly out, F7 (Line Drive, 78M)
|
Pinch Hitting: RHB Abdul-Fattah bin Najjar
|
0-0: Ball 1-0: Ball 2-0: Foul Ball, location: 2F 2-1: Foul Ball, location: 2F 2-2: Ball 3-2: Ground out 6-3 (Groundball, 56)
|
Top of the 10th over - 0 run(s), 0 hit(s), 0 error(s), 0 left on base; Kennesaw 4 - Niagara Falls 4 |
BOTTOM OF THE 10TH |
Niagara Falls Expos batting - Pitching for Kennesaw Jets : RHP John Shirley
|
Now in LF: Abdul-Fattah bin Najjar
|
|
Batting: RHB Sean MacKnight
|
0-0: Ball 1-0: Called Strike 1-1: Swinging Strike 1-2: Ball 2-2: Ball 3-2: Base on Balls
|
Batting: SHB Michel Perrin
|
0-0: Called Strike 0-1: Ball 1-1: Ball 2-1: Sac Bunt - play at first, batter OUT! 1-3 Sean MacKnight to second
|
Pinch Hitting: RHB John Thompson
|
0-0: Swinging Strike 0-1: Swinging Strike 0-2: Ball 1-2: Strikes out swinging wild pitch, reaches first! Sean MacKnight to third
|
Batting: RHB Michael Peterson
|
0-0: Called Strike 0-1: Ball 1-1: Swinging Strike 1-2: Ball 2-2: Strikes out swinging
|
Batting: RHB Albert Díaz
|
0-0: Ball 1-0: Ball 2-0: Ball 3-0: Called Strike 3-1: Foul Ball, location: 2F 3-2: Strikes out swinging
|
Bottom of the 10th over - 0 run(s), 0 hit(s), 0 error(s), 2 left on base; Kennesaw 4 - Niagara Falls 4 |
TOP OF THE 11TH |
Kennesaw Jets batting - Pitching for Niagara Falls Expos : LHP Jim Unknown
|
Now at 3B: Henry Womack
|
|
Batting: RHB Miguel Angel González
|
0-0: Ball 1-0: Called Strike 1-1: Ball 2-1: Ball 3-1: Base on Balls
|
Batting: SHB Jim Unknown
|
0-0: Ball 1-0: Called Strike 1-1: Ball 2-1: Bunted foul 2-2: Foul Ball, location: 2F 2-2: Foul Ball, location: 2F 2-2: Ground out 5-3 (Groundball, 5S) Miguel Angel González to second
|
Batting: RHB José Ramos
|
0-0: Ground out 5-3 (Groundball, 5)
|
Pitching: RHP Armando Galló
|
|
Batting: RHB Stephen Johnson
|
0-0: Called Strike 0-1: Foul Ball, location: 2F 0-2: Foul Ball, location: 2F 0-2: Foul Ball, location: 2F 0-2: Ball 1-2: Ball 2-2: Ball 3-2: Fly out, F9 (Line Drive, 9M)
|
Top of the 11th over - 0 run(s), 0 hit(s), 0 error(s), 1 left on base; Kennesaw 4 - Niagara Falls 4 |
BOTTOM OF THE 11TH |
Niagara Falls Expos batting - Pitching for Kennesaw Jets : RHP John Shirley
|
Pitching: RHP Emílio Rodríguez
|
|
Batting: RHB Bronson Nicholls
|
0-0: Ball 1-0: Swinging Strike 1-1: Called Strike 1-2: Strikes out swinging
|
Batting: LHB Jorge Borbón
|
0-0: SINGLE (Line Drive, 34)
|
Batting: RHB Chuck Wolf
|
0-0: Swinging Strike 0-1: Called Strike 0-2: DOUBLE (Line Drive, 7LS) Jorge Borbón to third
|
Batting: SHB Janghyun Sam
|
0-0: Intentional Walk
|
Batting: RHB Sean MacKnight
|
0-0: Ball 1-0: Grounds into double play, 5-2-3 (Groundball, 56)
|
Bottom of the 11th over - 0 run(s), 2 hit(s), 0 error(s), 2 left on base; Kennesaw 4 - Niagara Falls 4 |
TOP OF THE 12TH |
Kennesaw Jets batting - Pitching for Niagara Falls Expos : RHP Armando Galló
|
Batting: RHB Carlos Ávila
|
0-0: Ball 1-0: Called Strike 1-1: Called Strike 1-2: Strikes out swinging
|
Batting: RHB Raúl Javier Jr.
|
0-0: Ball 1-0: Fly out, F7 (Line Drive, 7LM)
|
Batting: RHB Clarence Therrien
|
0-0: Swinging Strike 0-1: Called Strike 0-2: Fly out, F4 (Line Drive, 4)
|
Top of the 12th over - 0 run(s), 0 hit(s), 0 error(s), 0 left on base; Kennesaw 4 - Niagara Falls 4 |
BOTTOM OF THE 12TH |
Niagara Falls Expos batting - Pitching for Kennesaw Jets : RHP Emílio Rodríguez
|
Batting: SHB Michel Perrin
|
0-0: Called Strike 0-1: Called Strike 0-2: Strikes out swinging
|
Pinch Hitting: RHB Carl Bryant
|
0-0: Called Strike 0-1: Swinging Strike 0-2: Ball 1-2: SINGLE (Line Drive, 56D)
|
Batting: RHB Michael Peterson
|
0-0: Called Strike 0-1: Ball 1-1: Foul Ball, location: 2F 1-2: Grounds into double play, 4-6-3 (Groundball, 4)
|
Bottom of the 12th over - 0 run(s), 1 hit(s), 0 error(s), 0 left on base; Kennesaw 4 - Niagara Falls 4 |
TOP OF THE 13TH |
Kennesaw Jets batting - Pitching for Niagara Falls Expos : RHP Armando Galló
|
Now in CF: Carl Bryant
|
|
Batting: LHB Jim Unknown
|
0-0: Ball 1-0: Swinging Strike 1-1: Swinging Strike 1-2: Foul Ball, location: 2F 1-2: Ball 2-2: Ball 3-2: DOUBLE (Flyball, 78XD)
|
Batting: RHB Abdul-Fattah bin Najjar
|
0-0: Ball 1-0: Ball 2-0: Called Strike 2-1: Ground out 6-3 (Groundball, 6) Jim Unknown to third
|
Batting: RHB Miguel Angel González
|
0-0: Foul Ball, location: 2F 0-1: DOUBLE (Line Drive, 89M) Jim Unknown scores
|
Batting: SHB Jim Unknown
|
0-0: Ball 1-0: Foul Ball, location: 2F 1-1: Ball 2-1: Foul Ball, location: 2F 2-2: Ground out 4-3 (Groundball, 34) Miguel Angel González to third
|
Batting: RHB José Ramos
|
0-0: Ball 1-0: Ball 2-0: Ground out 5-3 (Groundball, 56)
|
Top of the 13th over - 1 run(s), 2 hit(s), 0 error(s), 1 left on base; Kennesaw 5 - Niagara Falls 4 |
BOTTOM OF THE 13TH |
Niagara Falls Expos batting - Pitching for Kennesaw Jets : RHP Emílio Rodríguez
|
Batting: RHB Albert Díaz
|
0-0: Ball 1-0: Called Strike 1-1: Ball 2-1: Ball 3-1: Called Strike 3-2: Foul Ball, location: 2F 3-2: Base on Balls
|
Batting: RHB Bronson Nicholls
|
0-0: Ball 1-0: Fly out, F6 (Popup, 6M)
|
Batting: LHB Jorge Borbón
|
0-0: Ball 1-0: Ball 2-0: Ball 3-0: Base on Balls Albert Díaz to second
|
Batting: RHB Chuck Wolf
|
0-0: Foul Ball, location: 2F 0-1: Ball 1-1: Ball 2-1: Fly out, F9 (Line Drive, 89M)
|
Batting: SHB Janghyun Sam
|
0-0: Ball 1-0: SINGLE (Line Drive, 9S) Albert Díaz to third Jorge Borbón to second Runner from 3rd tries for Home, SAFE, no throw or cutoff
|
Batting: RHB Sean MacKnight
|
0-0: SINGLE (Groundball, 5L) Jorge Borbón to third Janghyun Sam to second Runner from 3rd tries for Home, SAFE, no throw or cutoff
|
|